 Dungeon Crawl Stone Soup version 0.27.1-33-g824d729ab1 (webtiles) character file.

Game seed: 14714377066871410636

478 sking99 the Ruffian (level 6, -2/62 HPs)
             Began as a Troll Monk on Dec 8, 2021.
             Was a Priest of the Shining One.
             Slain by a scorpion (8 damage)
             ... on level 5 of the Dungeon.
             The game lasted 00:04:38 (2498 turns).

sking99 the Ruffian (Troll Monk)                    Turns: 2498, Time: 00:04:39

Health: -2/62      AC:  8    Str: 22    XL:     6   Next: 85%
Magic:  3/6        EV: 10    Int:  6    God:    the Shining One [***...]
Gold:   172        SH:  6    Dex: 12    Spells: 5/5 levels left

rFire    . . .     SeeInvis .     - Unarmed
rCold    . . .     Faith    .   (no shield)
rNeg     + . .     Spirit   .   a - +0 robe
rPois    .         Reflect  .   (helmet restricted)
rElec    .         Harm     .   (no cloak)
rCorr    .         Rampage  .   (gloves unavailable)
Will     .....                  (boots unavailable)
Stlth    +.........             o - amulet of regeneration
HPRegen  2.20/turn              h - +4 ring of protection
MPRegen  0.10/turn              (no ring)

@: divinely shielded, glowing
A: large, unfitting armour, claws 3, regeneration 1, shaggy fur 1, tough skin 1
a: Renounce Religion, Divine Shield


You were on level 5 of the Dungeon.
You worshipped the Shining One.
The Shining One was most pleased with you.
You visited 1 branch of the dungeon, and saw 5 of its levels.

You collected 172 gold pieces.

Inventory:

Armour
 a - a +0 robe (worn)
 d - a +0 tower shield
Jewellery
 h - a +4 ring of protection (left claw)
 o - an amulet of regeneration (around neck)
Scrolls
 e - a scroll of teleportation
 l - a scroll of torment {unknown}
 m - 3 scrolls of identify
 n - 2 scrolls of magic mapping {unknown}
Potions
 b - 2 potions of resistance {unknown}
 c - 2 potions of flight {unknown}
 f - 2 potions of attraction
 g - a potion of invisibility {unknown}
 i - a potion of curing {unknown}
 j - a potion of might
 k - a potion of brilliance {unknown}


   Skills:
 + Level 3.9 Fighting
 - Level 2.4 Dodging
 - Level 1.0 Stealth
 + Level 1.7 Shields
 * Level 6.0 Unarmed Combat
 + Level 1.8 Invocations


You had 5 spell levels left.
You didn't know any spells.
Your spell library contained the following spells:

 Spells                   Type           Power      Damage    Failure   Level
 Call Imp                 Summ           0%         N/A       58%         2
 Ensorcelled Hibernation  Hex/Ice        0%         N/A       58%         2
 Ice Form                 Ice/Tmut       0%         N/A       99%         4
 Summon Forest            Summ/Tloc      0%         N/A       100%        5
 Spellforged Servitor     Conj/Summ      0%         N/A       100%        7


Dungeon Overview and Level Annotations

Branches:
Dungeon (5/15)
 Temple: D:4-7

Altars:
Ru
Sif Muna
The Shining One

Annotations:
D:5 Dowan


Innate Abilities, Weirdness & Mutations

You are too large for most types of armour.
You have claws for hands.
Your natural rate of healing is unusually fast.
You are covered in fur. (AC +1)
You have tough skin. (AC +1)


Message History

You barely miss Duvessa.
Duvessa is heavily wounded.
Dowan barely misses you.
Duvessa drinks a potion.
Duvessa seems to grow stronger.
You claw Duvessa!
Duvessa is almost dead.
Dowan barely misses you.
Duvessa hits you with a +1 short sword of draining.
You partially resist.
You feel drained. A divine shield forms around you!
Duvessa hits you with a +1 short sword of draining!
You partially resist.
You feel drained. Dowan barely misses you.
You claw Duvessa!
You kill Duvessa!
Dowan screams, "No!
Oh no!"
Dowan seems to find hidden reserves of power!
Dowan points at you and mumbles some strange words.
The stone arrow hits you.
The scorpion stings you but does no damage.
Your life force feels restored.
Your Unarmed Combat skill increases to level 6!
The scorpion stings you.
* * * LOW HITPOINT WARNING * * *
Dowan hits you but does no damage.
You closely miss Dowan. Dowan barely misses you. The scorpion stings you.
* * * LOW HITPOINT WARNING * * *
You closely miss Dowan.
Dowan hits you with a +2 dagger of protection.
* * * LOW HITPOINT WARNING * * *
The scorpion stings you.
* * * LOW HITPOINT WARNING * * *
Dowan casts a spell at you. You block the stone arrow.
The scorpion stings you but does no damage.
You claw Dowan! Your claw misses Dowan.
Dowan is heavily wounded.
Dowan hits you with a +2 dagger of protection.
* * * LOW HITPOINT WARNING * * *
The scorpion stings you!
You die...

........## #.......#
.......?.. #.#........
......... #.#......#.
......... #.#......#.
#.....?.# #.#......##
#.....).# #......####
#......J# #......# #
#.....es######......#
.......@............####
########................
#............####
#................
#.........#######
#.........# #.........#
#.........# #.........#


You could see Dowan (fast), a scorpion and a jelly.

Vanquished Creatures
  Duvessa (D:5)
  A crimson imp (D:3)
  3 hounds
  An iguana (D:3)
  An orc wizard (D:3)
  Natasha (twice) (D:2)
  Robin (D:3)
  3 adders (D:2)
  A shadow imp (D:4)
  An adder skeleton (D:4)
  2 worms (D:2)
  2 dart slugs
  6 orcs
  8 ball pythons
  8 endoplasms
  3 giant cockroaches
  2 hobgoblins
  8 jackals
  8 quokkas
  4 bats
  2 frilled lizards
  13 goblins
  A goblin zombie (D:3)
  A hobgoblin zombie (D:3)
  7 kobolds
  A kobold skeleton (D:3)
  A kobold zombie (D:3)
  2 orc zombies (D:3)
  4 rats
98 creatures vanquished.

Notes
Turn   | Place    | Note
-------+----------+-------------------------------------------
     0 | D:1      | sking99 the Troll Monk began the quest for the Orb.
     0 | D:1      | Reached XP level 1. HP: 22/22 MP: 0/0
    36 | D:1      | Reached XP level 2. HP: 29/29 MP: 1/1
   323 | D:1      | Reached XP level 3. HP: 36/36 MP: 2/2
   592 | D:2      | Got the Grimoire of Freezing Calling
   608 | D:2      | Reached skill level 4 in Unarmed Combat
   728 | D:2      | Reached XP level 4. HP: 45/45 MP: 3/3
  1055 | D:2      | Noticed Natasha
  1068 | D:2      | Killed Natasha
  1116 | D:2      | Noticed Natasha
  1124 | D:2      | Killed Natasha
  1401 | D:3      | Reached skill level 5 in Unarmed Combat
  1410 | D:3      | Found a faded altar of an unknown god.
  1421 | D:3      | Reached XP level 5. HP: 49/53 MP: 4/4
  1428 | D:3      | Became a worshipper of the Shining One
  1428 | D:3      | Reached * piety under the Shining One
  1428 | D:3      | Reached ** piety under the Shining One
  1469 | D:3      | Found a glowing golden altar of the Shining One.
  1469 | D:3      | Reached *** piety under the Shining One
  1536 | D:3      | Reached skill level 1 in Invocations
  1673 | D:3      | Noticed Robin
  1688 | D:3      | Reached skill level 1 in Shields
  1695 | D:3      | Killed Robin
  1696 | D:3      | Reached XP level 6. HP: 61/61 MP: 5/5
  1727 | D:3      | Found a sacrificial altar of Ru.
  2266 | D:4      | Found a shimmering blue altar of Sif Muna.
  2421 | D:5      | Entered Level 5 of the Dungeon
  2484 | D:5      | Noticed Dowan
  2485 | D:5      | Noticed Duvessa
  2493 | D:5      | Killed Duvessa
  2494 | D:5      | Reached skill level 6 in Unarmed Combat
  2498 | D:5      | Slain by a scorpion

Illustrated notes

Levels and vault maps discovered:
D:1:      eino_arrival_tree_alley, layout_rooms, serial_bayou_crossing
D:2:      layout_basic, uniq_natasha
D:3:      layout_rooms, nicolae_tso_besieged_by_evil, hangedman_ru_absence,
          hellmonk_ecumenical_altar_pennies_from_heaven, uniq_robin
D:4:      layout_basic, led_sif_pool
D:5:      gammafunk_steamed_eel, layout_basic, lemuel_coloured_pillars_altar,
          uniq_duvessa

Skill      XL: |  1  2  3  4  5  6 |
---------------+-------------------+-----
Unarmed Combat | 4 5 6 |  6.0
Fighting       | 3 |  3.9
Invocations    | 1 |  1.8
Shields        | 1 |  1.7
Dodging        | |  2.4
Stealth        | |  1.0

Action                   |  1- 3 |  4- 6 || total
-------------------------+-------+-------++-------
Melee: Unarmed           |    82 |   142 ||   224
       Punch             |     3 |     3 ||     6
Invok: Divine Shield     |       |     1 ||     1
  Use: Scroll            |       |     5 ||     5
Armor: Robe              |    24 |    50 ||    74
Dodge: Dodged            |    52 |    49 ||   101
Block: Other             |       |     1 ||     1
